AoeStats
← MrGrey

Hideout

509215059Analyzed
1v1 RM · 7d ago on Sep 25, 2026· 49m 30s· 2 players
Game mode
Random Map
Map size
Tiny (2 player)
Population
200
Speed
Normal
Resources
Standard
Victory
Conquest
Starting age
Dark Age
Ending age
Imperial Age
RankedLock teamsTeams togetherTeam positionsShared explorationLock speedFull tech treeHidden civsTurbo modeCheats
Victory
Defeat
🇺🇸 Portuguese · United States
1401
+16
🇺🇸 Inca · United States
1395
-16
MrGrey
8:16 Feudal Age
8:37 Champi Runner
11:59 Fletching
12:06 Double-Bit Axe
12:40 Loom
20:14 Castle Age
18:17 Horse Collar
21:04 Wheelbarrow
21:41 Bow Saw
22:04 Gold Mining
22:52 Heavy Plow
23:35 Gold Shaft Mining
23:56 Stone Mining
28:51 Imperial Age
27:01 Champi Warrior
27:42 Scale Mail Armor
28:32 Bodkin Arrow
30:55 Onager
34:16 Chain Mail Armor
34:11 Forging
37:04 Plate Mail Armor
38:03 Conscription
41:20 Elite Champi Warrior
42:36 Iron Casting
41:32 Capped Ram
42:40 Squires
43:26 Siege Ram
43:41 Siege Ram
46:15 Siege Engineers
Killer Crow
8:53 Loom
10:40 Feudal Age
19:47 Castle Age
18:33 Double-Bit Axe
30:19 Imperial Age
28:31 Stone Mining
28:53 Bow Saw
28:35 Gold Mining
30:57 Masonry
32:02 Chemistry
31:01 Town Watch
37:15 Arquebus
42:09 Siege Engineers
43:17 Elite Organ Gun
Connection lost

Rejoining the realm…

Still unreachable

The connection could not be restored.

Session expired

The server has moved on; the page needs a fresh start.